 Dungeon Crawl Stone Soup version 0.28-b1-25-g9875b3fc8c (webtiles) character file.

Game seed: 942408328506325357

550 cayde69 the Shield-Bearer (level 7, -1/60 HPs)
             Began as a Gnoll Fighter on Feb 2, 2022.
             Was a Believer of the Shining One.
             Succumbed to a water moccasin's poison
             ... on level 4 of the Dungeon.
             The game lasted 00:03:40 (3212 turns).

cayde69 the Shield-Bearer (Gnoll Fighter)           Turns: 3212, Time: 00:03:41

Health: -1/60      AC: 15    Str: 18    XL:     7   Next: 29%
Magic:  10/10      EV:  6    Int:  7    God:    the Shining One [**....]
Gold:   155        SH:  5    Dex: 11    Spells: 10/10 levels left

rFire   . . .      SeeInvis .   a - +0 long sword
rCold   . . .      Faith    .   c - +0 buckler
rNeg    + . .      Spirit   .   q - +0 plate armour
rPois   .          Reflect  .   o - +0 helmet
rElec   .          Harm     .   (no cloak)
rCorr   .          Rampage  .   (no gloves)
Will    .....                   j - +0 pair of boots
Stlth   ..........              (no amulet)
HPRegen 0.20/turn               (no ring)
MPRegen 0.12/turn               (no ring)

@: lethally poisoned (-1 -> -10), glowing
A: fangs 1, strong nose, distributed training
a: Renounce Religion, Divine Shield


You were on level 4 of the Dungeon.
You worshipped the Shining One.
The Shining One was pleased with you.
You visited 1 branch of the dungeon, and saw 4 of its levels.

You collected 155 gold pieces.

Inventory:

Hand Weapons
 a - a +0 long sword (weapon)
 s - a +0 shortbow
Missiles
 t - 23 arrows
Armour
 b - a +0 scale mail
 c - a +0 buckler (worn)
 j - a +0 pair of boots (worn)
 o - a +0 helmet (worn)
 q - a +0 plate armour (worn)
Scrolls
 d - a scroll of holy word {unknown}
 f - a scroll of noise {unknown}
 g - 2 scrolls of enchant armour {unknown}
 h - 3 scrolls of identify
 i - 2 scrolls of enchant weapon {unknown}
 k - a scroll of amnesia {unknown}
 p - 3 scrolls of silence
 r - a scroll of teleportation {unknown}
Potions
 e - a potion of degeneration {unknown}
 l - 2 potions of curing {unknown}
 m - a potion of resistance {unknown}
 n - a potion of magic {unknown}


   Skills:
 + Level 7.0 Fighting
 + Level 2.3 Short Blades
 + Level 5.2 Long Blades
 + Level 2.3 Axes
 + Level 2.3 Maces & Flails
 + Level 2.3 Polearms
 + Level 2.3 Staves
 + Level 2.3 Slings
 + Level 2.3 Bows
 + Level 2.3 Crossbows
 + Level 2.3 Throwing
 + Level 7.0 Armour
 + Level 2.3 Dodging
 + Level 2.3 Stealth
 + Level 7.0 Shields
 + Level 2.3 Unarmed Combat
 + Level 2.3 Spellcasting
 + Level 1.9 Conjurations
 + Level 1.9 Hexes
 + Level 1.9 Summonings
 + Level 1.9 Necromancy
 + Level 1.9 Translocations
 + Level 1.9 Transmutations
 + Level 1.9 Fire Magic
 + Level 1.9 Ice Magic
 + Level 1.9 Air Magic
 + Level 1.9 Earth Magic
 + Level 1.9 Poison Magic
 + Level 2.6 Invocations
 + Level 2.3 Evocations


You had 10 spell levels left.
You didn't know any spells.
Your spell library contained the following spells:

 Spells                   Type           Power      Damage    Failure   Level
 Apportation              Tloc           6%         N/A       99%         1
 Alistair's Intoxication  Tmut/Pois      2%         N/A       100%        5


Dungeon Overview and Level Annotations

Branches:
Dungeon (4/15)
 Temple: D:4-7

Altars:
Makhleb
Sif Muna
The Shining One


Innate Abilities, Weirdness & Mutations

You have very sharp teeth.
Your uncanny sense of smell can sniff out nearby items.
Your experience applies equally to all skills.


Message History

You are engulfed in a cloud of scalding steam.
The steam dragon bites you.
* * * LOW HITPOINT WARNING * * *
The steam dragon claws you but does no damage.
You slash the steam dragon!
You kill the steam dragon!
The water moccasin bites you but does no damage.
Your Fighting skill increases to level 7!
Your Armour skill increases to level 7!
Your Shields skill increases to level 7!
You have reached level 7!
Unknown command.
As you read the scroll labelled LOGIRAO CYSA, it crumbles to dust.
It is a scroll of identify.
p - 3 scrolls of silence The water moccasin bites you but does no damage.
Unknown command.
You slash the water moccasin! You bite the water moccasin.
The water moccasin is heavily wounded.
The water moccasin bites you but does no damage. x2
You slash the water moccasin!
You bite the water moccasin, but do no damage.
The water moccasin is severely wounded.
The water moccasin bites you but does no damage. x2
You barely miss the water moccasin.
The water moccasin is severely wounded.
The water moccasin bites you but does no damage.
You closely miss the water moccasin.
The water moccasin is severely wounded.
You block the water moccasin's attack. The water moccasin bites you.
* * * LOW HITPOINT WARNING * * *
You are lethally poisoned!
The water moccasin poisons you!
You closely miss the water moccasin.
The water moccasin is severely wounded.
The Shining One protects you from harm!
The water moccasin bites you but does no damage.
You barely miss the water moccasin. Your bite misses the water moccasin.
The water moccasin is severely wounded.
You die...

####...........# ∆
#.....#.#......#
#.....#.#..##..# .._.
......#........# h..
#.....###..#...# ######
#...>......###.# #$$$$##
###.#####......##......#
#.# #.......##..D.# #.#
#####...@#8§.8#... #.#
#....Sl....... #.#
#...##.#.#..#.
#.#########...#..#...
#...#.............. .#
###................ ..
#................. ..
#..######...####### #
#####..# #...#


You could see a water moccasin and an iguana.

Vanquished Creatures
  2 steam dragons (D:4)
  A centaur (D:4)
  A scorpion (D:4)
  2 adders (D:3)
  4 gnolls (D:3)
  2 dart slugs
  3 worms
  8 orcs (D:3)
  5 ball pythons
  6 endoplasms
  3 giant cockroaches
  4 goblins
  4 hobgoblins
  7 jackals
  5 bats
  3 frilled lizards
  9 kobolds
  A quokka skeleton (D:4)
  10 rats
80 creatures vanquished.

Notes
Turn   | Place    | Note
-------+----------+-------------------------------------------
     0 | D:1      | cayde69 the Gnoll Fighter began the quest for the Orb.
     0 | D:1      | Reached XP level 1. HP: 23/23 MP: 1/1
   113 | D:1      | Reached XP level 2. HP: 24/29 MP: 2/2
   356 | D:1      | Found a faded altar of an unknown god.
   363 | D:1      | Prayed at the altar of an unknown god.
   363 | D:1      | Became a worshipper of the Shining One
   363 | D:1      | Reached * piety under the Shining One
   466 | D:1      | Reached XP level 3. HP: 32/35 MP: 3/3
   798 | D:2      | Reached skill level 1 in Invocations
   826 | D:2      | Found a shimmering blue altar of Sif Muna.
  1146 | D:2      | Reached skill level 1 in Short Blades
  1146 | D:2      | Reached skill level 1 in Axes
  1146 | D:2      | Reached skill level 1 in Maces & Flails
  1146 | D:2      | Reached skill level 1 in Polearms
  1146 | D:2      | Reached skill level 1 in Staves
  1146 | D:2      | Reached skill level 1 in Slings
  1146 | D:2      | Reached skill level 1 in Bows
  1146 | D:2      | Reached skill level 1 in Crossbows
  1146 | D:2      | Reached skill level 1 in Throwing
  1146 | D:2      | Reached skill level 1 in Dodging
  1146 | D:2      | Reached skill level 1 in Stealth
  1146 | D:2      | Reached skill level 1 in Unarmed Combat
  1146 | D:2      | Reached skill level 1 in Spellcasting
  1146 | D:2      | Reached skill level 1 in Evocations
  1314 | D:2      | HP: 1/35 [poisoned by a kobold]
  1888 | D:3      | Reached XP level 4. HP: 41/41 MP: 5/5
  2171 | D:3      | Reached skill level 1 in Conjurations
  2171 | D:3      | Reached skill level 1 in Hexes
  2171 | D:3      | Reached skill level 1 in Summonings
  2171 | D:3      | Reached skill level 1 in Necromancy
  2171 | D:3      | Reached skill level 1 in Translocations
  2171 | D:3      | Reached skill level 1 in Transmutations
  2171 | D:3      | Reached skill level 1 in Fire Magic
  2171 | D:3      | Reached skill level 1 in Ice Magic
  2171 | D:3      | Reached skill level 1 in Air Magic
  2171 | D:3      | Reached skill level 1 in Earth Magic
  2171 | D:3      | Reached skill level 1 in Poison Magic
  2275 | D:3      | Reached ** piety under the Shining One
  2367 | D:3      | Reached XP level 5. HP: 47/47 MP: 6/6
  2789 | D:4      | Noticed a steam dragon
  2794 | D:4      | Killed a steam dragon
  2795 | D:4      | Reached skill level 5 in Long Blades
  2795 | D:4      | Reached XP level 6. HP: 30/53 MP: 7/9
  3190 | D:4      | Found a burning altar of Makhleb.
  3190 | D:4      | Noticed a steam dragon
  3194 | D:4      | Noticed a water moccasin
  3204 | D:4      | HP: 1/53 [steam dragon (2)]
  3205 | D:4      | Killed a steam dragon
  3206 | D:4      | Reached XP level 7. HP: 1/60 MP: 10/10
  3210 | D:4      | HP: 2/60 [water moccasin (1)]
  3211 | D:4      | The Shining One protects you from harm!
  3212 | D:4      | Succumbed to a water moccasin's poison

Illustrated notes

Levels and vault maps discovered:
D:1:      ncdulo_wetmaze, layout_rooms, hellmonk_ecumenical_altar_heavens_door,
          minmay_misc_feat_tiny, minmay_misc_feat_encased
D:2:      layout_basic, basic_altar
D:3:      layout_loops_cross
D:4:      layout_loops_cross, jmf_multi_god_temple, lemuel_round_altar

Skill      XL: |  1  2  3  4  5  6 |
---------------+-------------------+-----
Invocations    | 1 2 |  2.6
Short Blades   | 1 2 |  2.3
Axes           | 1 2 |  2.3
Maces & Flails | 1 2 |  2.3
Polearms       | 1 2 |  2.3
Staves         | 1 2 |  2.3
Slings         | 1 2 |  2.3
Bows           | 1 2 |  2.3
Crossbows      | 1 2 |  2.3
Throwing       | 1 2 |  2.3
Dodging        | 1 2 |  2.3
Stealth        | 1 2 |  2.3
Unarmed Combat | 1 2 |  2.3
Spellcasting   | 1 2 |  2.3
Evocations     | 1 2 |  2.3
Conjurations   | 1 |  1.9
Hexes          | 1 |  1.9
Summonings     | 1 |  1.9
Necromancy     | 1 |  1.9
Translocations | 1 |  1.9
Transmutations | 1 |  1.9
Fire Magic     | 1 |  1.9
Ice Magic      | 1 |  1.9
Air Magic      | 1 |  1.9
Earth Magic    | 1 |  1.9
Poison Magic   | 1 |  1.9
Long Blades    | 5 |  5.2
Fighting       | 7 |  7.0
Armour         | 7 |  7.0
Shields        | 7 |  7.0

Action                   |  1- 3 |  4- 6 |  7- 9 || total
-------------------------+-------+-------+-------++-------
Melee: Long sword        |    92 |    89 |     6 ||   187
       Bite              |    12 |    11 |     2 ||    25
  Use: Potion            |       |     1 |       ||     1
       Scroll            |       |       |     1 ||     1
Armor: Scale mail        |    34 |    22 |       ||    56
       Plate armour      |       |    37 |     7 ||    44
Dodge: Dodged            |    46 |    22 |       ||    68
Block: Buckler           |    24 |    25 |     1 ||    50
